[Event "Early-Titled-Tuesday-Blitz-May-07-2024"]
[Site "Chess.com"]
[Date "2024.05.07"]
[Round "5"]
[White "Yeritsyaan"]
[Black "legendisback1"]
[Result "0-1"]
[WhiteElo "2711"]
[BlackElo "2982"]
[TimeControl "180+1"]
[EndTime "8:57:28 PDT"]
[Termination "legendisback1 won by checkmate"]

1. Nf3 c6 2. e4 d5 3. d3 Qc7 4. g3 dxe4 5. dxe4 e5 6. Bg2 Bc5 7. O-O Nf6 8. c3 Be6 9. Qc2 O-O 10. Nbd2 h6 11. b4 Bd6 12. Bb2 Nbd7 13. Rfd1 c5 14. b5 c4 15. a4 Nc5 16. Ba3 Nd3 17.
Bxd6 Qxd6 18. Bf1 Nxf2 19. Kxf2 Ng4+ 20. Ke1 Qc5 21. Nb1 f5 22. exf5 Rxf5 23. Bg2 Raf8 24.
Qe2 Ne3 25. Nbd2 Bd5 26. Nh4 Nc2# 0-1

[Event "Early-Titled-Tuesday-Blitz-May-07-2024"]
[Site "Chess.com"]
[Date "2024.05.07"]
[Round "5"]
[White "Genghis_K"]
[Black "stolencandy13"]
[Result "1-0"]
[WhiteElo "2915"]
[BlackElo "2679"]
[TimeControl "180+1"]
[EndTime "8:57:28 PDT"]
[Termination "Genghis_K won by checkmate"]

1. e4 c6 2. d4 d5 3. e5 Bf5 4.
h4 h5 5. Bd3 Bxd3 6. Qxd3 e6 7.
Nf3 Qa5+ 8. Nbd2 Qa6 9. c4 Ne7 10. O-O Nf5 11. b3 Be7 12. a4 Nxh4 13. Nxh4 Bxh4 14. Ba3 Qb6 15. b4 Be7 16. b5 Bxa3 17. Rxa3 Nd7 18. cxd5 cxd5 19. Rc3 O-O 20. Rfc1 a6 21.
Nf3 axb5 22. Ng5 g6 23. Rc7 Rad8 24. axb5 Qa5 25. Nxe6 fxe6 26. Qxg6+ Kh8 27. Qxh5+ Kg7 28. R1c3 Rf7 29. Qg5+ Kh7 30. Rh3# 1-0

[Event "Early-Titled-Tuesday-Blitz-May-07-2024"]
[Site "Chess.com"]
[Date "2024.05.07"]
[Round "5"]
[White "secretsuperstar7"]
[Black "Kotlyar_K"]
[Result "0-1"]
[WhiteElo "2468"]
[BlackElo "2672"]
[TimeControl "180+1"]
[EndTime "8:57:30 PDT"]
[Termination "Kotlyar_K won by checkmate"]

1. c4 e5 2. Nc3 Bb4 3. Nd5 Be7 4. g3 d6 5. Bg2 f5 6. d3 Nf6 7. Nxf6+ Bxf6 8. Nf3 O-O 9. O-O c6 10. Rb1 a5 11. b3 Nd7 12. Ba3 Be7 13. d4 e4 14.
Ne1 Nf6 15. d5 cxd5 16. cxd5 b5 17. Nc2 b4 18. Bb2 Bb7 19. Nd4 Qd7 20. Bh3 Nxd5 21. e3 g6 22. Qc2 Bf6 23. Qxe4 Nc3 24. Qd3 Be4 25. Qc4+ d5 26. Qc5 Bxd4 27. Qxd4 Ne2# 0-1

[Event "Early-Titled-Tuesday-Blitz-May-07-2024"]
[Site "Chess.com"]
[Date "2024.05.07"]
[Round "5"]
[White "UK_23"]
[Black "chess_sharparchitect"]
[Result "1-0"]
[WhiteElo "2445"]
[BlackElo "2266"]
[TimeControl "180+1"]
[EndTime "8:57:30 PDT"]
[Termination "UK_23 won by resignation"]

1. e4 c5 2. Nf3 d6 3. d4 cxd4 4.
Nxd4 Nf6 5. Nc3 a6 6. Be2 e5 7. Nf3 Be7 8. Bg5 Be6 9. Bxf6 Bxf6 10. Nd5 Nd7 11. Bc4 b5 12. Bb3 O-O 13. O-O Be7 14.
c3 Nc5 15. Bc2 h6 16. b4 Nd7 17. a4 Bxd5 18. Qxd5 Nb6 19. Qd3 Nc4 20. Bb3 Rc8 21. axb5 axb5 22. Ra7 Rc7 23. Rxc7 Qxc7 24. Bxc4 bxc4 25.
Qd5 Rc8 26. Ra1 g6 27. g3 Kg7 28. Kg2 Qb6 29. h4 Rb8 30. h5 Rc8 31. hxg6 Kxg6 32. Ra5 Bg5 33. Rb5 Qc7 34. Rb7 1-0

[Event "Early-Titled-Tuesday-Blitz-May-07-2024"]
[Site "Chess.com"]
[Date "2024.05.07"]
[Round "5"]
[White "ccccvhhhj"]
[Black "wqws"]
[Result "0-1"]
[WhiteElo "2486"]
[BlackElo "2689"]
[TimeControl "180+1"]
[EndTime "8:57:31 PDT"]
[Termination "wqws won on time"]

1. e4 c5 2. Nf3 d6 3. d4 cxd4 4. Nxd4 Nf6 5. Nc3 a6 6. Rg1 e5 7. Nb3 h5 8. h3 h4 9. Be3 Be6 10. Qd2 Nbd7 11. O-O-O Be7 12. Kb1 b5 13. f3 Nb6 14. Na5 Qc7 15. Bxb5+ axb5 16. Nxb5 Bxa2+ 17. Kc1 Qd7 18. Qb4 O-O 19. Bxb6 d5 20. Qa4 Rfb8 21. Nc3 Rxb6 22. Qxd7 Nxd7 23. Nxa2 Rxa5 24. Nc3 Bg5+ 25. Rd2 Ra1+ 26. Nb1 dxe4 27. fxe4 Nc5 0-1

[Event "Early-Titled-Tuesday-Blitz-May-07-2024"]
[Site "Chess.com"]
[Date "2024.05.07"]
[Round "5"]
[White "Mikhail_Bryakin"]
[Black "Aslanov_Umid"]
[Result "1-0"]
[WhiteElo "2888"]
[BlackElo "2656"]
[TimeControl "180+1"]
[EndTime "8:57:32 PDT"]
[Termination "Mikhail_Bryakin won by resignation"]

1. e4 c5 2. d4 cxd4 3. Qxd4 Nc6 4. Qd3 d6 5. Nc3 Nf6 6. Nf3 a6 7. Be2 h6 8. O-O g5 9. Nd5 Nxd5 10. exd5 Ne5 11. Nxe5 dxe5 12. c4 Bg7 13. Bd2 O-O 14.
Bc3 f5 15. c5 f4 16. Bf3 g4 17. Be4 f3 18. g3 Bd7 19. Rfd1 Rc8 20. b4 Ba4 21. Rd2 a5 22. a3 Bf6 23. h4 gxh3 24. Kh2 Bg5 25. Rb2 Bd7 26. Bxe5 axb4 27. axb4 Bf6 28. Qd4 Ra8 29. Rba2 Rxa2 30. Rxa2 Qb8 31.
d6 exd6 32. Bxf6 dxc5 33. Qxd7 Rxf6 34. Qh7+ Kf8 35. Qh8+ Kf7 36. Qxb8 1-0

[Event "Early-Titled-Tuesday-Blitz-May-07-2024"]
[Site "Chess.com"]
[Date "2024.05.07"]
[Round "5"]
[White "watermelonattackk"]
[Black "GMAkobianSTL"]
[Result "1/2-1/2"]
[WhiteElo "2570"]
[BlackElo "2801"]
[TimeControl "180+1"]
[EndTime "8:57:33 PDT"]
[Termination "Game drawn by repetition"]

1. d4 e6 2. Nf3 f5 3. g3 Nf6 4. Bg2 d5 5. O-O Bd6 6. c4 c6 7. Nc3 O-O 8. Rb1 Qe7 9. Qc2 Ne4 10. Bf4 Bxf4 11. gxf4 Bd7 12. e3 Be8 13. Ne5 Nd7 14.
f3 Nxe5 15. fxe5 Nxc3 16. Qxc3 f4 17. cxd5 exd5 18. Rbe1 fxe3 19. Qxe3 Bg6 20. f4 Qe6 21. Rf3 Be4 22. Rg3 Bxg2 23. Rxg2 Rf5 24. Rf1 Raf8 25. Rgf2 g6 26. b4 a6 27. a3 R8f7 28. Kg2 Kg7 29. h3 Rh5 30. Qg3 Qf5 31. Qe3 Qe6 32. Qg3 Rhf5 33.
Qg4 h5 34. Qg3 Kh7 35. Kh2 Rg7 36. Qh4 Qf7 37. Qg3 Rg8 38. Qh4 Qe6 39. Qg3 Rgf8 40.
Qh4 R8f7 41. Qg3 Qe7 42. Rf3 Qf8 43. Qh4 Qe8 44. Qg3 Qe6 45. Qh4 Kg7 46. Qg3 Kh7 47.
Qh4 Kg7 48. Qg3 Kh7 1/2-1/2

[Event "Early-Titled-Tuesday-Blitz-May-07-2024"]
[Site "Chess.com"]
[Date "2024.05.07"]
[Round "5"]
[White "ErikRonka"]
[Black "ViralduS"]
[Result "1-0"]
[WhiteElo "2514"]
[BlackElo "2638"]
[TimeControl "180+1"]
[EndTime "8:57:33 PDT"]
[Termination "ErikRonka won by resignation"]

1. e4 c5 2. Nf3 d6 3. d4 cxd4 4. Nxd4 Nf6 5. Nc3 Nc6 6. Bg5 e6 7. Qd2 Be7 8. O-O-O a6 9. f4 Bd7 10. Nf3 b5 11. Bxf6 gxf6 12. f5 Qb6 13. g3 O-O-O 14.
fxe6 fxe6 15. Bh3 Kb7 16. Ne2 Rhe8 17. Nf4 Bf8 18. Nh5 Ne5 19. Nd4 Nc4 20. Qe2 Bh6+ 21.
Kb1 f5 22. Nf6 Re7 23. exf5 Ne3 24. fxe6 Nxd1 25. Rxd1 Bg7 26. Nd5 Rxe6 1-0

[Event "Early-Titled-Tuesday-Blitz-May-07-2024"]
[Site "Chess.com"]
[Date "2024.05.07"]
[Round "5"]
[White "Triumphmate"]
[Black "EgorYakovlev"]
[Result "1-0"]
[WhiteElo "2445"]
[BlackElo "2563"]
[TimeControl "180+1"]
[EndTime "8:57:34 PDT"]
[Termination "Triumphmate won by resignation"]

1. e4 c5 2. Nf3 d6 3. d4 cxd4 4.
Nxd4 Nf6 5. Nc3 a6 6. f4 e6 7. Nf3 Qc7 8. Bd3 b5 9. a3 Bb7 10. O-O Nbd7 11. Kh1 Nc5 12. Qe1 Nxd3 13. cxd3 Be7 14.
Bd2 O-O 15. Qg3 Qb6 16. Rae1 a5 17. f5 b4 18. axb4 axb4 19. Ne2 exf5 20. Nfd4 fxe4 21.
Nf5 Ne8 22. Nxe7+ Kh8 23. Qh4 Nf6 24. Rxf6 exd3 25. Nf4 Qd4 26. Nfg6+ fxg6 27. Rxf8+ Rxf8 28. Qxd4 1-0

[Event "Early-Titled-Tuesday-Blitz-May-07-2024"]
[Site "Chess.com"]
[Date "2024.05.07"]
[Round "5"]
[White "xasid81"]
[Black "H3nriqueTV"]
[Result "1-0"]
[WhiteElo "2644"]
[BlackElo "2431"]
[TimeControl "180+1"]
[EndTime "8:57:35 PDT"]
[Termination "xasid81 won by resignation"]

1. g3 d5 2. Bg2 c6 3. d3 Nf6 4.
Nd2 Bf5 5. e4 dxe4 6. Nxe4 Nbd7 7. Ne2 e6 8. O-O Be7 9. N2c3 O-O 10. Re1 h6 11. b3 Nd5 12. Bb2 N7f6 13. Nxf6+ Bxf6 14. Na4 Bxb2 15. Nxb2 Qf6 16. Nc4 Rad8 17. Qd2 Rfe8 18.
a4 h5 19. h4 e5 20. Qa5 a6 21. Rad1 Bg4 22. f3 Bxf3 23. Rf1 e4 24. dxe4 Bxd1 25. Rxf6 Nxf6 26. e5 Ng4 27. Nd6 Rxe5 28. Qxd8+ Kh7 29. Be4+ f5 30. Bxf5+ g6 31. Qc7+ Kg8 32. Qf7+ Kh8 33. Bxg4 Bxg4 1-0

[Event "Early-Titled-Tuesday-Blitz-May-07-2024"]
[Site "Chess.com"]
[Date "2024.05.07"]
[Round "5"]
[White "ReinisUz"]
[Black "Iskusnyh"]
[Result "1-0"]
[WhiteElo "2432"]
[BlackElo "2598"]
[TimeControl "180+1"]
[EndTime "8:57:36 PDT"]
[Termination "ReinisUz won by resignation"]

1. c4 c5 2. Nc3 g6 3. g3 Bg7 4. Bg2 Nc6 5. Nf3 d6 6. O-O e6 7. e3 Nge7 8. d4 O-O 9. b3 e5 10. d5 Nb4 11. Bb2 e4 12. Ne1 f5 13. a3 Na6 14.
Qc2 g5 15. f4 Ng6 16. Ne2 h6 17. Bxg7 Kxg7 18. Qb2+ Qf6 19. Qxf6+ Rxf6 20. Nc2 Bd7 21.
Nc3 Nc7 22. a4 Na6 23. Rf2 Kf7 24. fxg5 hxg5 25. Raf1 Ke7 26. Nxe4 Rff8 27. Nxg5 Ne5 28. e4 Rg8 29. Ne6 Bxe6 30. dxe6 fxe4 31. Bxe4 Rg7 32.
Bxb7 Nc7 33. Bxa8 Nxa8 34. Ne3 Nb6 35. Nf5+ 1-0

[Event "Early-Titled-Tuesday-Blitz-May-07-2024"]
[Site "Chess.com"]
[Date "2024.05.07"]
[Round "5"]
[White "klimkoj"]
[Black "Statham_01"]
[Result "1-0"]
[WhiteElo "2923"]
[BlackElo "2673"]
[TimeControl "180+1"]
[EndTime "8:57:41 PDT"]
[Termination "klimkoj won by checkmate"]

1. d4 d5 2. c4 Nc6 3. Nf3 Bg4 4. Nc3 e6 5. Bf4 Nf6 6. e3 Bd6 7. Bxd6 cxd6 8. cxd5 exd5 9. Bd3 O-O 10. h3 Bh5 11. O-O Re8 12. Rc1 Rc8 13. a3 Qa5 14. Qa4 Qd8 15. Nd2 a6 16. Ne2 Ne4 17. Qd1 Qh4 18. Qe1 Nxd2 19. Qxd2 Bxe2 20. Bxe2 Ne7 21. Qb4 Rxc1 22.
Rxc1 g5 23. Qxb7 Nf5 24. Qd7 Re6 25. Bg4 Nxe3 26. Bxe6 fxe6 27. Rc8# 1-0

[Event "Early-Titled-Tuesday-Blitz-May-07-2024"]
[Site "Chess.com"]
[Date "2024.05.07"]
[Round "5"]
[White "GothamChess"]
[Black "Msb2"]
[Result "0-1"]
[WhiteElo "2721"]
[BlackElo "3032"]
[TimeControl "180+1"]
[EndTime "8:57:43 PDT"]
[Termination "Msb2 won by resignation"]

1. e4 e6 2. b3 d5 3. Bb2 a6 4. Qe2 d4 5. f4 c5 6. Nf3 Nc6 7. g3 Bd6 8. Bg2 Nge7 9. c3 Bc7 10. O-O O-O 11. Kh1 b5 12. cxd4 cxd4 13. a3 Bb7 14. d3 Rc8 15. Nbd2 Qd7 16. b4 Bb6 17. Nb3 Rc7 18. Rfc1 h6 19. Nc5 Bxc5 20. Rxc5 f5 21. Rac1 Rfc8 22. Nd2 a5 23. bxa5 Nxa5 24. Rxc7 Rxc7 25.
Rxc7 Qxc7 26. Bxd4 Kh7 27. Qd1 Qd7 28. Qa1 Nec6 29.
Nf3 Nb3 0-1

[Event "Early-Titled-Tuesday-Blitz-May-07-2024"]
[Site "Chess.com"]
[Date "2024.05.07"]
[Round "5"]
[White "wonderfultime"]
[Black "stollenmonster"]
[Result "1-0"]
[WhiteElo "3108"]
[BlackElo "2922"]
[TimeControl "180+1"]
[EndTime "8:57:46 PDT"]
[Termination "wonderfultime won by resignation"]

1. d4 Nf6 2. Nf3 e6 3. Bf4 d5 4. e3 Be7 5. Bd3 Ne4 6. h3 O-O 7. O-O f5 8. Ne5 c6 9. c4 Nd7 10. Nc3 Nxe5 11. Bxe5 Bd6 12. Bxd6 Qxd6 13. Ne2 Bd7 14.
Rc1 Rae8 15. Qe1 Bc8 16. f3 Nf6 17. f4 Qe7 18. Kh2 h6 19. Ng1 Ne4 20. Nf3 Nd6 21.
Ne5 Qf6 22. g4 Nf7 23. Qg3 Nxe5 24. dxe5 Qd8 25. gxf5 exf5 26. cxd5 cxd5 27. Rg1 Rf7 28. Qg6 Re6 29. Qh5 Rb6 30. Rc2 d4 31. Rcg2 dxe3 32. Bc4 Be6 33. Qxh6 Qe7 34. Bxe6 Rxe6 35. Rxg7+ Rxg7 36. Rxg7+ Qxg7 37. Qxe6+ Kh8 38. Qc8+ Kh7 39. Qxf5+ Kg8 40. Qc8+ Kh7 41. Qc2+ Kg8 42. Qb3+ Kf8 43. Qa3+ Kg8 44. Qxe3 1-0

[Event "Early-Titled-Tuesday-Blitz-May-07-2024"]
[Site "Chess.com"]
[Date "2024.05.07"]
[Round "5"]
[White "BeReal24"]
[Black "MiguelBestard1981"]
[Result "1-0"]
[WhiteElo "2491"]
[BlackElo "2184"]
[TimeControl "180+1"]
[EndTime "8:57:48 PDT"]
[Termination "BeReal24 won on time"]

1. c4 c6 2. Qa4 e5 3. Nc3 Nf6 4. Nf3 d6 5. d4 e4 6. Nd2 e3 7. fxe3 Be7 8. g3 O-O 9. Bg2 Re8 10. O-O Ng4 11. Nf3 Bg5 12. e4 Be3+ 13. Bxe3 Nxe3 14. Rf2 Nd7 15. Qb3 Nf6 16. Nd2 Nfg4 17.
Rf3 Qg5 18. Nf1 Qh6 19. h3 Nxg2 20. hxg4 Bxg4 21. Kxg2 Qh3+ 22. Kf2 Re6 23. Qxb7 Rf8 24. Ne3 Qh2+ 25. Ng2 f5 26. exf5 Bxf3 27. exf3 Rxf5 28. Qc8+ Kf7 29. Qd7+ Kf6 30. g4 Rxf3+ 31. Kxf3 1-0

[Event "Early-Titled-Tuesday-Blitz-May-07-2024"]
[Site "Chess.com"]
[Date "2024.05.07"]
[Round "5"]
[White "NMChessToImpress"]
[Black "Ramla2020"]
[Result "0-1"]
[WhiteElo "2261"]
[BlackElo "2439"]
[TimeControl "180+1"]
[EndTime "8:57:48 PDT"]
[Termination "Ramla2020 won by checkmate"]

1. e4 e5 2. Nf3 d6 3. d4 Nd7 4.
Nc3 c6 5. a4 Be7 6. g3 Ngf6 7.
Bg2 O-O 8. O-O Re8 9. h3 Bf8 10.
Re1 Qc7 11. a5 b5 12. axb6 Nxb6 13.
b3 Bb7 14. Ba3 a6 15. dxe5 dxe5 16. Bxf8 Rxf8 17. Na4 c5 18. Nd2 Rfd8 19. Nxb6 Qxb6 20. Qc1 Rd4 21. Nc4 Qc7 22. c3 Rd3 23. Bf1 Rd7 24.
f3 Rad8 25. Qc2 Bc6 26. Rxa6 Bb5 27. Raa1 Bxc4 28. Bxc4 Rd2 29. Qc1 Nh5 30. Ra6 Nxg3 31.
Qa1 Qe7 32. Ra7 Qg5 33. Bxf7+ Kh8 34. Ra8 Nf1+ 35. Kxf1 Qg2# 0-1

[Event "Early-Titled-Tuesday-Blitz-May-07-2024"]
[Site "Chess.com"]
[Date "2024.05.07"]
[Round "5"]
[White "rachidhuilda"]
[Black "Pertinhez76"]
[Result "0-1"]
[WhiteElo "2341"]
[BlackElo "2147"]
[TimeControl "180+1"]
[EndTime "8:57:50 PDT"]
[Termination "Pertinhez76 won by resignation"]

1. d4 Nf6 2. Bg5 e6 3. e4 d5 4.
Nd2 h6 5. Bxf6 Qxf6 6. c3 Nd7 7. Ngf3 g6 8. g3 Bg7 9. Bg2 c6 10. O-O O-O 11. Re1 Qd8 12. h4 b6 13. exd5 exd5 14. Ne5 Nxe5 15. dxe5 Bf5 16. Nb3 Re8 17. Nd4 Bd7 18. f4 Rc8 19. a4 a6 20. Qf3 h5 21.
Nc2 Bg4 22. Qf2 c5 23. Ne3 d4 24. Nxg4 hxg4 25. cxd4 cxd4 26. Red1 Bf8 27. Bb7 Rc4 28. Bxa6 Rb4 29. Bb5 Re6 30. Rd2 Bc5 31. Kg2 Qa8+ 32.
Kh2 Rxb5 33. f5 gxf5 34. Qxf5 Rb3 35. Rf1 Qb7 36. Qxg4+ Rg6 37. Qf5 Rbxg3 38. e6 Rg2+ 0-1

[Event "Early-Titled-Tuesday-Blitz-May-07-2024"]
[Site "Chess.com"]
[Date "2024.05.07"]
[Round "5"]
[White "AlexanderKing"]
[Black "Veleamater"]
[Result "1-0"]
[WhiteElo "2583"]
[BlackElo "2434"]
[TimeControl "180+1"]
[EndTime "8:57:51 PDT"]
[Termination "AlexanderKing won by resignation"]

1. g3 d6 2. Bg2 g6 3. c4 Bg7 4.
Nc3 Nf6 5. e4 O-O 6. d4 Nc6 7.
Nge2 e5 8. dxe5 dxe5 9. Qxd8 Nxd8 10. Nd5 Ne6 11. Be3 c6 12. Ne7+ Kh8 13. Nxc8 Rfxc8 14. f3 Bf8 15. Bh3 Kg7 16. a3 Re8 17. Bxe6 Rxe6 18. O-O-O h6 19. Kc2 b6 20. g4 Be7 21. h4 Rb8 22. h5 g5 23. Ng3 Bf8 24. Nf5+ Kg8 25. Rd3 Ne8 26. Rhd1 Nc7 27. Rd7 Rc8 28.
Rd8 Re8 29. Rxe8 Rxe8 30. Rd7 Rc8 31. b4 b5 32. Bxa7 bxc4 33. Bc5 Bxc5 34. bxc5 Nb5 35.
Ne7+ Kg7 36. Nxc8 Nxa3+ 37. Kc3 Nb5+ 38. Kxc4 1-0

[Event "Early-Titled-Tuesday-Blitz-May-07-2024"]
[Site "Chess.com"]
[Date "2024.05.07"]
[Round "5"]
[White "ravengelic"]
[Black "moro182"]
[Result "1-0"]
[WhiteElo "2648"]
[BlackElo "2846"]
[TimeControl "180+1"]
[EndTime "8:57:54 PDT"]
[Termination "ravengelic won by resignation"]

1. d4 g6 2. Bf4 Bg7 3. e3 b6 4. c4 Bb7 5. Nc3 d6 6. Nf3 Nd7 7. Be2 e5 8. Bg3 e4 9. Nd2 Ngf6 10. O-O O-O 11. b4 a5 12. a3 Qe7 13. Nb5 Rfc8 14.
Rb1 Nf8 15. Qc2 Ne6 16. c5 dxc5 17. bxc5 bxc5 18. dxc5 Ba6 19. c6 Nc5 20. Nc4 Nd3 21. Bxd3 exd3 22. Qxd3 Ne4 23. a4 Nxg3 24. hxg3 Rd8 25.
Qc2 Qc5 26. Nca3 Qe5 27. Rfd1 h5 28. Rd7 Rac8 29. Nxc7 Rxd7 30. cxd7 Rxc7 31. d8=Q+ 1-0

[Event "Early-Titled-Tuesday-Blitz-May-07-2024"]
[Site "Chess.com"]
[Date "2024.05.07"]
[Round "5"]
[White "ural58"]
[Black "giovannibrandao7"]
[Result "1-0"]
[WhiteElo "2518"]
[BlackElo "2312"]
[TimeControl "180+1"]
[EndTime "8:57:54 PDT"]
[Termination "ural58 won by resignation"]

1. e4 c5 2. Nf3 d6 3. Bb5+ Bd7 4. a4 Nc6 5. c3 Nf6 6. Qe2 a6 7. Bc4 e6 8. d4 cxd4 9. cxd4 Be7 10. e5 dxe5 11.
dxe5 Nd5 12. O-O O-O 13. Rd1 Ncb4 14. Bb3 Rc8 15. Na3 Bc6 16. Bd2 h6 17. Rac1 Qd7 18.
a5 Bb5 19. Qe4 Nd3 20. Rxc8 Rxc8 21. Bxh6 gxh6 22. Nxb5 Qxb5 23. Rxd3 Rc1+ 24. Bd1 Qxb2 25. Ne1 Nc3 26. Rg3+ Kf8 27. Qh7 Rxd1 1-0

[Event "Early-Titled-Tuesday-Blitz-May-07-2024"]
[Site "Chess.com"]
[Date "2024.05.07"]
[Round "5"]
[White "Burgsvik"]
[Black "Stanbad1"]
[Result "0-1"]
[WhiteElo "2333"]
[BlackElo "2597"]
[TimeControl "180+1"]
[EndTime "8:57:54 PDT"]
[Termination "Stanbad1 won by resignation"]

1. e4 e6 2. d4 d5 3. e5 c5 4. c3 Nc6 5. a3 cxd4 6. cxd4 Bd7 7.
Nc3 Nh6 8. Nf3 Nf5 9. Be3 Be7 10. Bd3 Nxe3 11. fxe3 f6 12. exf6 Bxf6 13. O-O O-O 14. Rc1 Qe7 15. Bb1 g6 16. Ne2 Qd6 17. Nf4 Ne7 18.
Nd3 Bb5 19. Rf2 Bxd3 20. Qxd3 Nc6 21. b4 e5 22. dxe5 Nxe5 23. Nxe5 Bxe5 24. Rxf8+ Rxf8 25. Ba2 Bxh2+ 26. Kh1 Rf5 27. e4 Rh5 28. Bxd5+ Kg7 29. g4 Rh4 30. Rc2 Be5+ 31. Kg1 Rxg4+ 32. Rg2 Qb6+ 33.
Kf1 Rf4+ 34. Ke2 Qc7 35. Rf2 Rxf2+ 36. Kxf2 Qc1 37. Qc4 Qxa3 38. Bxb7 Qg3+ 39. Ke2 h5 40. Bd5 h4 41. Qd3 Qxd3+ 42. Kxd3 g5 43. Be6 Kf6 44.
Bg4 Bd6 45. Kd4 Bxb4 46. Kd5 Bc3 47. Kc4 Ba1 48. Kd5 a5 49. Bd7 a4 50. Bxa4 g4 51.
Bd1 Kg5 52. e5 h3 53. e6 Bf6 54. Ke4 h2 0-1

[Event "Early-Titled-Tuesday-Blitz-May-07-2024"]
[Site "Chess.com"]
[Date "2024.05.07"]
[Round "5"]
[White "Me_ch_an"]
[Black "m_ezat"]
[Result "0-1"]
[WhiteElo "2373"]
[BlackElo "2561"]
[TimeControl "180+1"]
[EndTime "8:57:55 PDT"]
[Termination "m_ezat won on time"]

1. e4 e5 2. Nf3 Nc6 3. Bb5 Nge7 4. c3 a6 5. Ba4 g6 6. d4 exd4 7. cxd4 b5 8. Bb3 Bg7 9. O-O O-O 10. Nc3 d6 11. Bg5 h6 12. Be3 Bg4 13. Nd5 Bxf3 14. gxf3 Na5 15. Nxe7+ Qxe7 16. Bc2 Nc4 17. b3 Nxe3 18.
fxe3 Qg5+ 19. Kh1 Qxe3 20. Qd3 Qxd3 21. Bxd3 Bxd4 22. Rad1 c5 23. f4 Rae8 24. f5 Kg7 25. Rf3 g5 26. Rg3 Kf6 27. Rg4 Be5 28. Rd2 Rd8 29.
Rdg2 d5 30. h4 dxe4 31. Bxe4 Rd4 32. hxg5+ hxg5 33. Kg1 Rd1+ 34. Kf2 Rfd8 0-1

[Event "Early-Titled-Tuesday-Blitz-May-07-2024"]
[Site "Chess.com"]
[Date "2024.05.07"]
[Round "5"]
[White "1800_strength"]
[Black "zajka-molotok"]
[Result "1-0"]
[WhiteElo "2798"]
[BlackElo "2535"]
[TimeControl "180+1"]
[EndTime "8:57:56 PDT"]
[Termination "1800_strength won by resignation"]

1. a4 g6 2. Ra3 Bg7 3. h4 d6 4. h5 gxh5 5. Rxh5 Nf6 6. Rh1 Nc6 7. Rg3 Rg8 8. Nc3 e5 9. e4 Be6 10. Nf3 Qd7 11. Ng5 O-O-O 12. Nxh7 Nxh7 13. Rxh7 Bf6 14. Rxg8 Rxg8 15. d3 Nd4 16. Be3 c6 17. Ne2 Bg4 18.
Kd2 Bxe2 19. Bxe2 Rxg2 20. Bf1 Rg1 21. Bxd4 exd4 22. Bh3 Bg5+ 23. Ke2 Rg4 24. Kf1 f5 25. Rxd7 1-0

[Event "Early-Titled-Tuesday-Blitz-May-07-2024"]
[Site "Chess.com"]
[Date "2024.05.07"]
[Round "5"]
[White "aljado"]
[Black "ab-lsv"]
[Result "0-1"]
[WhiteElo "2179"]
[BlackElo "2383"]
[TimeControl "180+1"]
[EndTime "8:57:57 PDT"]
[Termination "ab-lsv won by resignation"]

1. e4 c6 2. d4 d5 3. exd5 cxd5 4. c4 Nf6 5. Nc3 Nc6 6. Bg5 dxc4 7. Bxf6 exf6 8. d5 Ne5 9. Nf3 Bg4 10. Qa4+ Bd7 11. Qd1 Rc8 12. Be2 Nxf3+ 13. Bxf3 Bd6 14. O-O O-O 15.
Re1 a6 16. a4 b5 17. axb5 axb5 18. Ra6 Qc7 19. g3 Rfe8 20. Bg2 Rxe1+ 21. Qxe1 f5 22.
Qa1 b4 23. Ne2 Be5 24. f4 Qc5+ 25. Kh1 Bf6 26. Ra8 g6 27. Rxc8+ Bxc8 28. Qa8 Kg7 29. Qb8 c3 30. bxc3 bxc3 31. d6 c2 32. Nc1 Bd7 33. Qc7 Qxc7 34. dxc7 Bc8 0-1

[Event "Early-Titled-Tuesday-Blitz-May-07-2024"]
[Site "Chess.com"]
[Date "2024.05.07"]
[Round "5"]
[White "EvgenyBurmakin"]
[Black "yashami"]
[Result "1-0"]
[WhiteElo "2346"]
[BlackElo "731"]
[TimeControl "180+1"]
[EndTime "8:57:57 PDT"]
[Termination "EvgenyBurmakin won by checkmate"]

1. e4 c5 2. Nf3 Nc6 3. d4 cxd4 4. Nxd4 g6 5. c4 Nf6 6. Nc3 d6 7. Be2 Nxd4 8. Qxd4 Bg7 9. Be3 O-O 10. Qd2 a5 11. f3 a4 12. Rc1 Qa5 13. O-O Be6 14. Rfd1 Rfc8 15. Nb5 Qxd2 16. Rxd2 Nd7 17. Kf2 Ne5 18.
Rdc2 Nc6 19. h3 Nb4 20. Rd2 Nxa2 21. Ra1 Nb4 22. Na7 Rcb8 23. Rxa4 Nc6 24. Nxc6 bxc6 25. Rxa8 Rxa8 26. b4 Ra3 27. b5 cxb5 28. cxb5 Rxe3 29. Kxe3 Bh6+ 30. f4 Bd7 31. b6 e5 32. b7 Bxf4+ 33. Kd3 Bb5+ 34. Kc3 Bxd2+ 35. Kxd2 f5 36. Bxb5 fxe4 37.
Bc4+ Kf8 38. b8=Q+ Ke7 39. Qc7+ Kf6 40. Qxd6+ Kf5 41. Ke3 g5 42. Qe6# 1-0

[Event "Early-Titled-Tuesday-Blitz-May-07-2024"]
[Site "Chess.com"]
[Date "2024.05.07"]
[Round "5"]
[White "FairChess_on_YouTube"]
[Black "Yaacovn"]
[Result "1-0"]
[WhiteElo "3080"]
[BlackElo "2851"]
[TimeControl "180+1"]
[EndTime "8:57:59 PDT"]
[Termination "FairChess_on_YouTube won on time"]

1. d4 Nf6 2. c4 e5 3. dxe5 Ne4 4.
Nf3 Nc6 5. Nbd2 Bb4 6. g3 O-O 7. Bg2 Qe7 8. O-O Nxd2 9. Bxd2 Bxd2 10. Qxd2 Nxe5 11. Rac1 d6 12. Nd4 c6 13. Rfd1 Rd8 14. f4 Ng4 15. e4 g6 16. Re1 a5 17.
b3 Nf6 18. Qc3 Nd7 19. h4 Nf6 20. Nf5 Qe6 21. Bh3 Kf8 22. g4 Re8 23. g5 gxf5 24.
exf5 1-0

[Event "Early-Titled-Tuesday-Blitz-May-07-2024"]
[Site "Chess.com"]
[Date "2024.05.07"]
[Round "5"]
[White "Amiciterno"]
[Black "santosalberto1987"]
[Result "1-0"]
[WhiteElo "2426"]
[BlackElo "2560"]
[TimeControl "180+1"]
[EndTime "8:57:59 PDT"]
[Termination "Amiciterno won by checkmate"]

1. d4 Nf6 2. Bf4 g6 3. Nc3 Bg7 4. e4 c5 5. d5 d6 6. Nf3 O-O 7. a4 a6 8. Be2 Re8 9. O-O e6 10. dxe6 Rxe6 11. Bc4 Re8 12. Ng5 Re7 13.
Qxd6 Rd7 14. Nxf7 Qe7 15. Ne5+ Kh8 16. Nxd7 Qxd7 17. Qxc5 Nc6 18. Rad1 Qe8 19. Nd5 Nxe4 20. Qe3 Nf6 21. Nc7 Qxe3 22. Bxe3 Rb8 23. Rfe1 Bf5 24. Bd3 Bxd3 25. Rxd3 Rc8 26. Ne6 Nb4 27. Rd2 Rxc2 28. Rd8+ Ng8 29. Nxg7 Kxg7 30. Bd4+ Kf7 31.
Rd7+ Ne7 32. Rdxe7+ Kf8 33. Re8+ Kf7 34. R1e7# 1-0

[Event "Early-Titled-Tuesday-Blitz-May-07-2024"]
[Site "Chess.com"]
[Date "2024.05.07"]
[Round "5"]
[White "Sofia_Blokhin"]
[Black "andrzej"]
[Result "0-1"]
[WhiteElo "2268"]
[BlackElo "2447"]
[TimeControl "180+1"]
[EndTime "8:57:59 PDT"]
[Termination "andrzej won by checkmate"]

1. d4 d5 2. c4 dxc4 3. Nf3 Nf6 4.
e3 e6 5. Bxc4 c5 6. O-O Nc6 7.
Nc3 a6 8. a4 cxd4 9. exd4 Be7 10. Re1 O-O 11. h3 Nb4 12. Be3 Bd7 13. Ne5 Be8 14.
Be2 Rc8 15. Rc1 Nfd5 16. Nxd5 Nxd5 17. Bd3 Rxc1 18. Bxc1 Qa5 19. b3 Bb4 20. Nc4 Qc7 21. Re5 f6 22. Rxe6 Bf7 23. Re4 Nc3 24. Qe1 Nxe4 25. Qxb4 Ng5 26. Bxg5 fxg5 27. Ne5 Qc1+ 28.
Kh2 Qf4+ 29. Kg1 Bd5 30. Qd6 Qxf2+ 31. Kh1 Qxg2# 0-1

[Event "Early-Titled-Tuesday-Blitz-May-07-2024"]
[Site "Chess.com"]
[Date "2024.05.07"]
[Round "5"]
[White "CarlosjPineror"]
[Black "Shield12"]
[Result "0-1"]
[WhiteElo "2717"]
[BlackElo "3004"]
[TimeControl "180+1"]
[EndTime "8:58:00 PDT"]
[Termination "Shield12 won by resignation"]

1. e4 c5 2. Nf3 e6 3. d4 cxd4 4. Nxd4 Nc6 5. Nc3 Qc7 6. Be2 Nf6 7. O-O a6 8. Be3 Be7 9. f4 d6 10. Qe1 O-O 11. Rd1 Nxd4 12. Bxd4 b5 13. a3 Bb7 14.
Bf3 Rac8 15. Kh1 Nd7 16. Qf2 e5 17. Be3 exf4 18. Bxf4 Ne5 19. Bxe5 dxe5 20. Bg4 Rcd8 21. Nd5 Bxd5 22. exd5 Bd6 23. c3 g6 24. Bh3 e4 25. g4 Rde8 26. Qe2 Re5 27. Bg2 Qe7 28. h3 h5 29. Rd4 hxg4 30. hxg4 Kg7 31. Rxe4 Rh8+ 32.
Kg1 Bc5+ 33. Rf2 Rxe4 34. Qxe4 Qxe4 35. Bxe4 Re8 36. Bf3 Re1+ 37. Kg2 Bxf2 38. Kxf2 Rb1 39. b4 Kf6 40. Ke3 Ke5 41. Kd3 f5 42. gxf5 gxf5 43.
Kc2 Re1 44. Kd2 Ra1 45. Kc2 f4 46. Kb2 Rf1 47. d6 Rxf3 0-1